BSA
BOSTON REBELS @ GREENVILLE 84S
09/07/2027
 
TOP OF THE 1ST
Boston Rebels batting - Pitching for Greenville 84s : RHP Vicente Durán
Pitching: RHP Vicente Durán
Batting: RHB Aaron Washington 0-0: DOUBLE (Line Drive, 5D)
Batting: LHB Bill Wilson 0-0: Ball
1-0: Ball
2-0: Foul Ball, location: 2F
2-1: Ball
3-1: Base on Balls
Batting: LHB Bill Wilson 0-0: Ball
1-0: Called Strike
1-1: Ball
2-1: Foul Ball, location: 2F
2-2: Strikes out swinging
Batting: LHB Lorenzo Flores 0-0: Called Strike
0-1: Ball
1-1: Called Strike
1-2: Foul Ball, location: 2F
1-2: Ball
2-2: Foul Ball, location: 2F
2-2: Fielders Choice at 2nd, 4-6 (Groundball, 4M)
Aaron Washington to third
Batting: LHB Miguel Rivería 0-0: Ball
1-0: Ball
2-0: Called Strike
2-1: Foul Ball, location: 2F
2-2: Ball
3-2: Base on Balls
Lorenzo Flores to second
Batting: LHB Arturo Molina 0-0: Fly out, F8 (Flyball, 8LD)
Top of the 1st over - 0 run(s), 1 hit(s), 0 error(s), 3 left on base; Boston 0 - Greenville 0
BOTTOM OF THE 1ST
Greenville 84s batting - Pitching for Boston Rebels : RHP Mark MacGruder
Pitching: RHP Mark MacGruder
Batting: LHB Paco Rosas 0-0: SINGLE (Line Drive, 34D)
Batting: LHB Chris Moore 0-0: Ball
1-0: Foul Ball, location: 2F
1-1: Ball
2-1: Foul Ball, location: 2F
2-2: Strikes out looking
Batting: RHB Enzo Díaz 0-0: Called Strike
0-1: Ball
1-1: SINGLE (Flyball, 7LS)
Paco Rosas to second
Batting: LHB Brock Larsen 0-0: Called Strike
0-1: Fielders Choice at 2nd, 5-4 (Groundball, 5)
Paco Rosas to third
Batting: LHB Jimmy Vickers 0-0: Ball
1-0: Ball
2-0: Fielders Choice at 2nd, 4-6 (Groundball, 4)
Bottom of the 1st over - 0 run(s), 2 hit(s), 0 error(s), 1 left on base; Boston 0 - Greenville 0
TOP OF THE 2ND
Boston Rebels batting - Pitching for Greenville 84s : RHP Vicente Durán
Batting: LHB Felipe Guerrero 0-0: Ball
1-0: Ball
2-0: Swinging Strike
2-1: Foul Ball, location: 2F
2-2: Ground out 6-3 (Groundball, 56)
Batting: RHB Alberto Ramos 0-0: Foul Ball, location: 2F
0-1: Ball
1-1: Ground out 5-3 (Groundball, 5L)
Batting: LHB Tony Ramírez 0-0: Ground out 3-1 (Groundball, 34)
Top of the 2nd over - 0 run(s), 0 hit(s), 0 error(s), 0 left on base; Boston 0 - Greenville 0
BOTTOM OF THE 2ND
Greenville 84s batting - Pitching for Boston Rebels : RHP Mark MacGruder
Batting: LHB Robert Moore 0-0: Ball
1-0: Foul Ball, location: 2F
1-1: SINGLE (Flyball, 8RS)
Batting: RHB Vic Langlois 0-0: Ball
1-0: Called Strike
1-1: Ball
2-1: Ball
3-1: Swinging Strike
3-2: Base on Balls
Robert Moore to second
Batting: RHB Robert Buckley 0-0: Ball
1-0: Ball
2-0: Called Strike
2-1: Ball
3-1: Base on Balls
Robert Moore to third
Vic Langlois to second
Batting: SHB Gilberto Guzmán 0-0: Called Strike
0-1: Swinging Strike
0-2: Strikes out looking
Batting: LHB Paco Rosas 0-0: Ball
1-0: Ball
2-0: Foul Ball, location: 2F
2-1: Foul Ball, location: 2F
2-2: Ball
3-2: Foul Ball, location: 2F
3-2: Ground out U3 (Groundball, 34S)
Robert Moore scores
Vic Langlois to third
Robert Buckley to second
Batting: LHB Chris Moore 0-0: Ground out U3 (Groundball, 34)
Bottom of the 2nd over - 1 run(s), 1 hit(s), 0 error(s), 2 left on base; Boston 0 - Greenville 1
TOP OF THE 3RD
Boston Rebels batting - Pitching for Greenville 84s : RHP Vicente Durán
Batting: RHB Aaron Washington 0-0: Called Strike
0-1: Ball
1-1: Foul Ball, location: 2F
1-2: Ball
2-2: Fly out, F9 (Line Drive, 89M)
Batting: LHB Bill Wilson 0-0: Swinging Strike
0-1: Ball
1-1: Foul Ball, location: 2F
1-2: Strikes out swinging
Batting: LHB Bill Wilson 0-0: Called Strike
0-1: Ground out U3 (Groundball, 3D)
Top of the 3rd over - 0 run(s), 0 hit(s), 0 error(s), 0 left on base; Boston 0 - Greenville 1
BOTTOM OF THE 3RD
Greenville 84s batting - Pitching for Boston Rebels : RHP Mark MacGruder
Batting: RHB Enzo Díaz 0-0: Called Strike
0-1: Called Strike
0-2: Fly out, F7 (Flyball, 7)
Batting: LHB Brock Larsen 0-0: Ball
1-0: Ball
2-0: Called Strike
2-1: Ground out 6-3 (Groundball, 6D)
Batting: LHB Jimmy Vickers 0-0: Foul Ball, location: 2F
0-1: Ball
1-1: SINGLE (Flyball, 8RS)
Batting: LHB Robert Moore 0-0: Ball
1-0: Fly out, F9 (Flyball, 9LMF)
Bottom of the 3rd over - 0 run(s), 1 hit(s), 0 error(s), 1 left on base; Boston 0 - Greenville 1
TOP OF THE 4TH
Boston Rebels batting - Pitching for Greenville 84s : RHP Vicente Durán
Batting: LHB Lorenzo Flores 0-0: Ball
1-0: Called Strike
1-1: Ball
2-1: Called Strike
2-2: Fly out, F9 (Flyball, 9)
Batting: LHB Miguel Rivería 0-0: Swinging Strike
0-1: Swinging Strike
0-2: Strikes out looking
Batting: LHB Arturo Molina 0-0: Ball
1-0: Foul Ball, location: 2F
1-1: Ball
2-1: SINGLE (Groundball, 34D)
Batting: LHB Felipe Guerrero 0-0: Fly out, F8 (Flyball, 89M)
Top of the 4th over - 0 run(s), 1 hit(s), 0 error(s), 1 left on base; Boston 0 - Greenville 1
BOTTOM OF THE 4TH
Greenville 84s batting - Pitching for Boston Rebels : RHP Mark MacGruder
Batting: RHB Vic Langlois 0-0: Swinging Strike
0-1: Ball
1-1: Foul Ball, location: 2F
1-2: Foul Ball, location: 2F
1-2: Fly out, F9 (Flyball, 89M)
Batting: RHB Robert Buckley 0-0: Ball
1-0: Ball
2-0: Ball
3-0: DOUBLE (Line Drive, 7LM)
Batting: SHB Gilberto Guzmán 0-0: Foul Ball, location: 2F
0-1: Ball
1-1: Ball
2-1: Ball
3-1: Foul Ball, location: 2F
3-2: SINGLE (Groundball, 34D)
Robert Buckley to third
Batting: LHB Paco Rosas 0-0: Ball
Wild Pitch!
Robert Buckley scores
Gilberto Guzmán to second
1-0: Foul Ball, location: 2F
1-1: Ball
2-1: Fly out, F4 (Popup, 4S)
Batting: LHB Chris Moore 0-0: Ball
1-0: Called Strike
1-1: Ball
2-1: Called Strike
2-2: Ground out 6-3 (Groundball, 6S)
Bottom of the 4th over - 1 run(s), 2 hit(s), 0 error(s), 1 left on base; Boston 0 - Greenville 2
TOP OF THE 5TH
Boston Rebels batting - Pitching for Greenville 84s : RHP Vicente Durán
Batting: RHB Alberto Ramos 0-0: Ball
1-0: Foul Ball, location: 2F
1-1: Ground out U3 (Groundball, 3)
Batting: LHB Tony Ramírez 0-0: Ball
1-0: Ball
2-0: Swinging Strike
2-1: Called Strike
2-2: DOUBLE (Line Drive, 9LM)
Batting: RHB Aaron Washington 0-0: Ball
1-0: Ball
2-0: Called Strike
2-1: Ball
3-1: Foul Ball, location: 2F
3-2: SINGLE (Line Drive, 56D)
Tony Ramírez to third
Batting: LHB Bill Wilson 0-0: Ball
1-0: Called Strike
1-1: Called Strike
Throwing error on steal attempt, E2
Tony Ramírez scores
Aaron Washington to third
1-2: Fly out, F9 (Flyball, 9D)
Runner from 3rd tags up, SCORES, no throw
Batting: LHB Bill Wilson 0-0: Called Strike
0-1: Ball
1-1: Ball
2-1: Fly out, F8 (Flyball, 8LM)
Top of the 5th over - 2 run(s), 2 hit(s), 1 error(s), 0 left on base; Boston 2 - Greenville 2
BOTTOM OF THE 5TH
Greenville 84s batting - Pitching for Boston Rebels : RHP Mark MacGruder
Batting: RHB Enzo Díaz 0-0: Ground out 5-3 (Groundball, 56)
Batting: LHB Brock Larsen 0-0: DOUBLE (Line Drive, 9LM)
Batting: LHB Jimmy Vickers 0-0: Foul Ball, location: 2F
0-1: Ball
1-1: Ball
Brock Larsen is caught stealing 3rd base
2-1: Foul Ball, location: 2F
2-2: Foul Ball, location: 2F
2-2: Ground out 6-3 (Groundball, 6)
Bottom of the 5th over - 0 run(s), 1 hit(s), 0 error(s), 0 left on base; Boston 2 - Greenville 2
TOP OF THE 6TH
Boston Rebels batting - Pitching for Greenville 84s : RHP Vicente Durán
Batting: LHB Lorenzo Flores 0-0: Called Strike
0-1: Foul Ball, location: 2F
0-2: Ground out 4-3 (Groundball, 4D)
Batting: LHB Miguel Rivería 0-0: Ball
1-0: Called Strike
1-1: Fly out, F9 (Flyball, 9)
Batting: LHB Arturo Molina 0-0: Ball
1-0: Ground out 5-3 (Groundball, 56)
Top of the 6th over - 0 run(s), 0 hit(s), 0 error(s), 0 left on base; Boston 2 - Greenville 2
BOTTOM OF THE 6TH
Greenville 84s batting - Pitching for Boston Rebels : RHP Mark MacGruder
Batting: LHB Robert Moore 0-0: DOUBLE (Line Drive, 78XD)
Batting: RHB Vic Langlois 0-0: Ground out 1-3 (Groundball, P)
Robert Moore to third
Batting: RHB Robert Buckley 0-0: Called Strike
0-1: Swinging Strike
0-2: Ball
1-2: 2-RUN HOME RUN (Flyball, 7D), Distance : 454 ft
Batting: SHB Gilberto Guzmán 0-0: Swinging Strike
0-1: SINGLE (Line Drive, 3D)
Batting: LHB Paco Rosas 0-0: Ground out U3 (Groundball, 23)
Gilberto Guzmán to second
Batting: LHB Chris Moore 0-0: Ball
1-0: Foul Ball, location: 2F
1-1: Called Strike
1-2: Ball
2-2: Foul Ball, location: 2F
2-2: SINGLE (Line Drive, 9LS)
Gilberto Guzmán to third
Runner from 3rd tries for Home, SAFE, no throw
Pitching: RHP Carlos Ruíz
Batting: RHB Enzo Díaz 0-0: SINGLE (Flyball, 8RS)
Chris Moore to second
Batting: LHB Brock Larsen 0-0: Ball
1-0: Swinging Strike
1-1: Ball
2-1: Ball
3-1: SINGLE (Groundball, 5D)
Chris Moore to third
Enzo Díaz to second
Runner from 3rd tries for Home, SAFE, no throw
Batting: LHB Jimmy Vickers 0-0: Ground out 4-3 (Groundball, 4MS)
Bottom of the 6th over - 4 run(s), 6 hit(s), 0 error(s), 2 left on base; Boston 2 - Greenville 6
TOP OF THE 7TH
Boston Rebels batting - Pitching for Greenville 84s : RHP Vicente Durán
Batting: LHB Felipe Guerrero 0-0: Called Strike
0-1: Ball
1-1: Ball
2-1: Fly out, F8 (Flyball, 8LM)
Batting: RHB Alberto Ramos 0-0: Foul Ball, location: 2F
0-1: Fly out, F3 (Popup, 3D)
Batting: LHB Tony Ramírez 0-0: Foul Ball, location: 2F
0-1: Called Strike
0-2: Strikes out swinging
Top of the 7th over - 0 run(s), 0 hit(s), 0 error(s), 0 left on base; Boston 2 - Greenville 6
BOTTOM OF THE 7TH
Greenville 84s batting - Pitching for Boston Rebels : RHP Carlos Ruíz
Batting: LHB Robert Moore 0-0: Ground out 4-3 (Groundball, 4)
Batting: RHB Vic Langlois 0-0: Ball
1-0: Swinging Strike
1-1: Ball
2-1: Foul Ball, location: 2F
2-2: Strikes out looking
Batting: RHB Robert Buckley 0-0: Ball
1-0: Foul Ball, location: 2F
1-1: Called Strike
1-2: Ball
2-2: Foul Ball, location: 2F
2-2: DOUBLE (Line Drive, 9LS)
Batting: SHB Gilberto Guzmán 0-0: Called Strike
0-1: Ball
1-1: Ball
2-1: Foul Ball, location: 2F
2-2: Ball
3-2: Fly out, F7 (Flyball, 78D)
Bottom of the 7th over - 0 run(s), 1 hit(s), 0 error(s), 1 left on base; Boston 2 - Greenville 6
TOP OF THE 8TH
Boston Rebels batting - Pitching for Greenville 84s : RHP Vicente Durán
Batting: RHB Aaron Washington 0-0: Foul Ball, location: 2F
0-1: Ground out 6-3 (Groundball, 6)
Batting: LHB Bill Wilson 0-0: Ball
1-0: Ball
2-0: Ball
3-0: Called Strike
3-1: Base on Balls
Batting: LHB Bill Wilson 0-0: Ball
1-0: Called Strike
1-1: Ball
2-1: Foul Ball, location: 2F
2-2: Foul Ball, location: 2F
2-2: Strikes out swinging
Batting: LHB Lorenzo Flores 0-0: Ball
1-0: Fielders Choice at 2nd, 4-6 (Groundball, 4)
Top of the 8th over - 0 run(s), 0 hit(s), 0 error(s), 0 left on base; Boston 2 - Greenville 6
BOTTOM OF THE 8TH
Greenville 84s batting - Pitching for Boston Rebels : RHP Carlos Ruíz
Batting: LHB Paco Rosas 0-0: Ball
1-0: Called Strike
1-1: Ball
2-1: Fly out, F5 (Popup, 6S)
Batting: LHB Chris Moore 0-0: Called Strike
0-1: Foul Ball, location: 2F
0-2: Ball
1-2: Foul Ball, location: 2F
1-2: Strikes out swinging
Batting: RHB Enzo Díaz 0-0: Called Strike
0-1: Ground out 5-3 (Groundball, 56)
Bottom of the 8th over - 0 run(s), 0 hit(s), 0 error(s), 0 left on base; Boston 2 - Greenville 6
TOP OF THE 9TH
Boston Rebels batting - Pitching for Greenville 84s : RHP Vicente Durán
Batting: LHB Miguel Rivería 0-0: Foul Ball, location: 2F
0-1: Ball
1-1: Ground out 4-3 (Groundball, 4S)
Batting: LHB Arturo Molina 0-0: Ball
1-0: Called Strike
1-1: Foul Ball, location: 2F
1-2: Ball
2-2: Ground out 6-3 (Groundball, 6)
Batting: LHB Felipe Guerrero 0-0: Ball
1-0: SINGLE (Groundball, 6MS) (infield hit)
Batting: RHB Alberto Ramos 0-0: Ball
1-0: Called Strike
1-1: Ball
2-1: Foul Ball, location: 2F
2-2: SINGLE (Line Drive, 56D)
Felipe Guerrero to second
Pitching: LHP Francisco Ríos
Batting: LHB Tony Ramírez 0-0: Fly out, F2 (Popup, 56S)
Top of the 9th over - 0 run(s), 2 hit(s), 0 error(s), 2 left on base; Boston 2 - Greenville 6
Thursday, March 30th, 2017 - OOTP Baseball 17.12 Build 75